Map: Dusty Gorge

Players

Adversity - Winner!

  • Race: Terran Terran
  • Spawn Location: 9:00

Black - Winner!

  • Race: Protoss Protoss
  • Spawn Location: 11:00

dkfofjcndjs

  • Race: Terran Terran
  • League: Master
  • Spawn Location: 3:00

Sephiroth

  • Race: Zerg Zerg
  • League: Diamond
  • Spawn Location: 5:00

VOD

Have the link to the VOD?

Description

Time

  • Played on: Sept. 5, 2018, 9:34 a.m.
  • Length: 7:14
Show
View Real Time Build Order
Export as new Build Order

Adversity Terran - Winner!

Build Orders:  

Get SALT Encoding   

  12  0:00  SCV  
  13  0:14  SCV  
  13  0:20  Supply Depot  
  14  0:26  SCV  
  15  0:30  Refinery  
  15  0:42  SCV  
  16  0:48  Barracks  
  16  0:54  SCV  
  17  1:05  Barracks  
  17  1:18  Barracks  
  17  1:26  SCV  
  18  1:36  Reaper  
  19  1:42  Orbital Command  
  19  1:48  Refinery  
  19  1:56  Reaper  
  20  2:03  Supply Depot  
  20  2:10  Reaper  
  20  2:13  Reaper  
  22  2:18  SCV  
  23  2:28  Reaper  
  24  2:33  Supply Depot  
  24  2:35  SCV  
  25  2:42  Reaper  
  26  2:45  Reaper  
  26  2:47  SCV  
  28  3:01  SCV  
  28  3:03  Reaper  
  30  3:14  Reaper  
  31  3:20  Reaper  
  31  3:23  Command Center  
  31  3:35  Reaper  
  32  3:42  SCV  
  32  3:47  Reaper  
  34  3:55  Barracks  
  34  3:56  Reaper  
  34  3:57  Barracks  
  34  4:01  SCV  
  36  4:09  Reaper  
  36  4:13  SCV  
  37  4:25  Reaper  
  37  4:29  SCV  
  39  4:32  Engineering Bay  
  39  4:36  Reaper  
  39  4:41  Reaper  
  39  4:44  Orbital Command  
  39  4:45  Refinery, Reaper x2  
  42  4:46  Refinery  
  42  4:47  SCV  
  43  4:57  Reaper  
  44  5:08  Reaper  
  44  5:10  SCV  
  44  5:11  SCV  
  44  5:13  Reaper  
  44  5:14  Terran Infantry Weapons Level 1  
  48  5:20  Reaper  
  48  5:22  SCV  
  48  5:23  SCV  
  48  5:24  Reaper  
  51  5:30  Reaper  
  51  5:34  Supply Depot  
  51  5:35  Supply Depot  
  52  5:40  Reaper  
  53  5:54  Reaper  
  53  5:55  Reaper  
  53  5:57  SCV  
  53  5:58  SCV  
  53  6:00  Reaper  
  55  6:15  Reaper  
  55  6:16  Reaper  
  57  6:18  Command Center  
  57  6:20  Barracks  
  57  6:21  Barracks  
  57  6:23  SCV x2  
  58  6:26  Reaper  
  58  6:27  Reaper  
  58  6:32  Reaper  
  60  6:35  SCV x2  
  61  6:47  SCV  
  61  6:50  SCV  
  63  7:02  SCV  
Show
View Real Time Build Order
Export as new Build Order

Black Protoss - Winner!

Build Orders:  

Get SALT Encoding   

  12  0:03  Probe  
  13  0:15  Probe  
  14  0:27  Probe  
  15  0:28  Pylon  
  15  0:44  Probe  
  16  0:52  Probe  
  16  0:54  Forge  
  17  1:01  Probe  
  17  1:10  Probe  
  18  1:13  Pylon  
  19  1:18  Probe  
  19  1:19  Pylon  
  20  1:27  Gateway  
  20  1:34  Probe  
  21  1:46  Pylon  
  22  1:47  Probe  
  22  1:49  Assimilator  
  22  1:52  Photon Cannon  
  22  1:59  Probe, Pylon  
  23  2:08  Photon Cannon  
  23  2:15  Photon Cannon  
  23  2:24  Probe  
  24  2:33  Cybernetics Core  
  24  2:36  Probe  
  25  2:52  Probe  
  25  2:53  Nexus  
  26  3:04  Probe  
  27  3:07  Photon Cannon  
  27  3:12  Pylon  
  27  3:15  Warp Gate  
  27  3:16  Adept  
  27  3:19  Probe  
  30  3:25  Assimilator  
  30  3:40  Robotics Facility  
  30  3:42  Photon Cannon  
  30  3:49  Shield Battery  
  30  3:57  Shield Battery  
  30  4:01  Pylon  
  30  4:08  Pylon  
  30  4:11  Sentry  
  30  4:13  Probe  
  30  4:14  Probe  
  33  4:22  Probe  
  34  4:25  Probe  
  36  4:32  Probe  
  36  4:35  Immortal, Assimilator  
  37  4:44  Probe  
  42  4:54  Gateway  
  42  4:56  Probe  
  43  5:04  Gateway  
  43  5:05  Probe  
  43  5:08  Protoss Ground Weapons Level 1  
  43  5:13  Probe  
  44  5:15  Pylon  
  44  5:18  Probe  
  46  5:22  Probe  
  46  5:27  Immortal  
  51  5:30  Sentry  
  51  5:34  Probe  
  54  5:38  Assimilator  
  54  5:42  Probe  
  54  5:43  Probe  
  56  5:50  Probe  
  57  6:00  Probe  
  57  6:02  Gateway  
  58  6:05  Gateway  
  58  6:07  Warp Prism  
  58  6:08  Probe  
  58  6:10  Photon Cannon  
  58  6:16  Probe  
  61  6:20  Pylon  
  62  6:27  Probe  
  63  6:39  Probe  
  64  6:41  Robotics Bay  
  64  6:45  Nexus  
  64  6:46  Photon Cannon  
Show
View Real Time Build Order
Export as new Build Order

dkfofjcndjs Terran 

Build Orders: Cyclone Opening, Gas First Reaper Expand 

Get SALT Encoding   

  12  0:01  SCV  
  13  0:13  SCV  
  14  0:18  Supply Depot  
  14  0:25  SCV  
  15  0:31  Refinery  
  15  0:39  SCV  
  16  0:46  Barracks  
  16  0:51  SCV  
  17  1:04  SCV  
  18  1:20  SCV  
  19  1:36  Reaper, Orbital Command  
  20  1:50  Command Center  
  20  1:59  Factory  
  20  2:02  Refinery  
  20  2:04  SCV  
  21  2:10  Barracks Reactor  
  21  2:16  SCV  
  21  2:22  Supply Depot  
  22  2:28  SCV  
  23  2:43  SCV  
  23  2:56  Cyclone  
  26  3:02  Command Center  
  26  3:04  Cyclone  
  16  3:28  Cyclone  
  17  3:36  SCV  
  19  3:46  Orbital Command  
  18  3:48  SCV  
  19  4:00  SCV  
  20  4:06  Cyclone  
  23  4:13  SCV  
  24  4:42  SCV x2  
  26  4:51  Cyclone  
  29  5:09  Cyclone  
  29  5:12  SCV  
  29  5:13  SCV  
  34  5:26  Cyclone  
  37  5:29  SCV  
  37  5:34  SCV  
  39  5:43  Cyclone  
  42  5:58  Cyclone  
  42  6:00  SCV  
  46  6:15  Supply Depot x2  
  46  6:36  Cyclone x2, SCV x2  
  54  6:48  SCV  
Show
View Real Time Build Order
Export as new Build Order

Sephiroth Zerg 

Build Orders: Hatch First 

Get SALT Encoding   

  12  0:01  Drone  
  13  0:17  Overlord  
  13  0:22  Drone  
  14  0:35  Drone x2  
  15  0:39  Drone  
  17  0:58  Hatchery  
  17  1:00  Drone  
  17  1:02  Drone  
  18  1:14  Extractor  
  17  1:19  Drone, Spawning Pool  
  18  1:39  Drone x2, Hatchery  
  20  2:32  Hatchery  
  19  2:39  Zergling x4  
  21  2:52  Metabolic Boost  
  21  3:05  Extractor  
  20  3:09  Hatchery  
  21  3:24  Zergling x2  
  21  3:25  Zergling x2, Hatchery  
  20  3:43  Zergling x4  
  22  3:48  Queen  
  22  3:49  Queen  
  26  4:00  Roach Warren  
  26  4:16  Hatchery  
  25  4:18  Zergling x6  
  28  4:37  Zergling x2  
  28  4:38  Zergling x2  
  27  4:39  Zergling x2  
  27  4:46  Drone  
  27  4:48  Overlord x2  
  27  5:11  Drone x2  
  27  5:12  Drone x3  
  30  5:15  Lair  
  30  5:16  Drone x4  
  34  5:22  Drone x2  
  36  5:34  Spore Crawler x2  
  23  5:55  Roach  
  23  5:56  Roach x2  
  22  6:15  Drone x2  
  24  6:34  Drone  
  24  6:39  Ravager  
  26  6:43  Ravager  
  27  6:49  Ravager  
Tags
 
Add a new tag
Caveats
  • Supply blocks, unpowered buildings, or Contaminate may cause inaccurate times.
  • Supply counts are checked every 10 seconds.